 Dungeon Crawl Stone Soup version 0.17-a0-1949-g1acca9a (webtiles) character file.

130592 Banto the Imperceptible (level 17, -2/102 HPs)
             Began as a Kobold Assassin on Oct 2, 2015.
             Was the Champion of Ashenzari.
             Killed from afar by Nikola (45 damage)
             ... with a chain lightning
             ... on level 1 of the Swamp.
             The game lasted 01:52:29 (34449 turns).

Banto the Imperceptible (Kobold Assassin)          Turns: 34449, Time: 01:52:31

Health: -2/102     AC: 19    Str:  9    XL:     17   Next: 64%
Magic:  10/17      EV: 35    Int:  9    God:    Ashenzari [******]
Gold:   2799       SH: 12    Dex: 27    Spells: 5 memorised, 2 levels left

rFire  + . .     SeeInvis +     I - +4 rapier of Tenoum {freeze, MR+} (curse)
rCold  + . .     Clarity  +     z - +3 leather armour {MR+} (curse)
rNeg   . . .     SustAt   .     u - +2 buckler (curse)
rPois  .         Gourm    .     y - +1 hat {MR+} (curse)
rElec  .         Spirit   .     d - +0 cloak (curse)
rCorr  .         Warding  .     A - +2 pair of gloves (curse)
rMut   +         Stasis   .     L - +1 pair of boots {run} (curse)
MR     ++++.                    W - amulet of resist mutation (curse)
Stlth  ++++++++++               a - ring of protection from fire (curse)
                                M - ring of protection from cold (curse)

@: very slightly contaminated, invisible, quick, incredibly resistant to hostile
enchantments, uncannily stealthy
A: horns 1, iridescent scales 1, large bone plates 1, agile 1, breathe flames 1,
carnivore 3, wild magic 1, evolution 2
a: Scrying, Transfer Knowledge, Renounce Religion, Breathe Fire


You were on level 1 of the Swamp.
You worshipped Ashenzari.
Ashenzari was exalted by your worship.
You were near starving.

You visited 5 branches of the dungeon, and saw 29 of its levels.
You also visited: Labyrinth and Bailey.

You collected 2977 gold pieces.
You spent 178 gold pieces at shops.

Inventory:

Hand weapons
 I - the cursed +4 rapier of Tenoum (weapon) {freeze, MR+}
   (You found it on level 13 of the Dungeon)

   It has been specially enchanted to freeze those struck by it, causing extra
   injury to most foes and up to half again as much damage against particularly
   susceptible opponents.
   It can also slow down cold-blooded creatures.
   It affects your resistance to hostile enchantments.
   It has a curse placed upon it.
Armour
 d - a cursed +0 cloak (worn)
 u - a cursed +2 buckler (worn)
 y - a cursed +1 hat of magic resistance (worn)
 z - a cursed +3 leather armour of magic resistance (worn)
 A - a cursed +2 pair of gloves (worn)
 L - a cursed +1 pair of boots of running (worn)
 P - the +1 pair of boots of the Earth {rElec rPois}
   (You found it on level 9 of the Dungeon)

   It insulates you from electricity.
   It protects you from poison.
Jewellery
 a - a cursed ring of protection from fire (right hand)
 J - an uncursed amulet of resist corrosion
 M - a cursed ring of protection from cold (left hand)
 U - a +3 ring of slaying
 W - a cursed amulet of resist mutation (around neck)
Magical devices
 i - a wand of digging (16)
 x - a wand of heal wounds (5)
Scrolls
 e - 4 scrolls of summoning
 f - 8 scrolls of identify
 m - 5 scrolls of enchant armour
 o - 3 scrolls of remove curse
 q - 5 scrolls of curse armour
 s - 8 scrolls of curse weapon
 t - 8 scrolls of enchant weapon
 v - 4 scrolls of magic mapping
 w - 7 scrolls of teleportation
 C - 2 scrolls of fear
 D - 2 scrolls of blinking
 F - a scroll of curse jewellery
 H - 5 scrolls of fog
Potions
 b - a potion of resistance
 c - 6 potions of might
 h - 11 potions of curing
 j - 3 potions of invisibility
 n - 5 potions of haste
 p - 2 potions of magic
 r - 7 potions of agility
 G - 3 potions of heal wounds
 N - 3 potions of flight
 O - 4 potions of brilliance
 Q - a potion of cure mutation
Miscellaneous
 B - an ornate deck of wonders
 E - a phantom mirror
 V - a phial of floods
Comestibles
 g - 10 meat rations
 k - 12 beef jerkies
 l - 10 royal jellies
 K - 8 slices of pizza


   Skills:
 - Level 10.0 Fighting
 - Level 15.1(19.1) Short Blades
 - Level 2.6 Throwing
 + Level 14.8(18.8) Dodging
 + Level 21.9(25.3) Stealth
 - Level 3.9(6.7) Shields
 - Level 15.1(19.1) Hexes


You had 2 spell levels left.
You knew the following spells:

 Your Spells              Type           Power        Failure   Level  Hunger
a - Summon Butterflies    Summ           #.......     63%         1    ##.....
b - Invisibility          Hex            ######..     9%          6    #######
c - Blink                 Tloc           N/A          85%         2    ###....
d - Confuse               Hex            ######..     1%          3    ####...
e - Repel Missiles        Chrm/Air       #.....       85%         2    ###....


Dungeon Overview and Level Annotations

Branches:
Dungeon (15/15)            Temple (1/1) D:4            Lair (8/8) D:9
  Swamp (1/4) Lair:4        Snake (0/4) Lair:4        Slime (0/6) Lair:6
    Orc (4/4) D:12            Elf (0/3) Orc:3        Vaults (0/5) D:13
 Depths (0/5) D:15

Altars:
Ashenzari
Elyvilon
Fedhas
Gozag
Kikubaaqudgha
Nemelex Xobeh
Okawaru
Qazlal
Trog
Vehumet
Xom
Zin
The Shining One
Beogh

Shops:
D:9 (   Orc:2 [   Orc:4 =%?%

Annotations:
Lair:1 exclusion: oklob plant
Swamp:1 Nikola


Innate Abilities, Weirdness & Mutations

You are small and have problems with some larger weapons.
You are carnivorous and can eat meat at any time.
You have a pair of small horns on your head.
You are partially covered in iridescent scales (AC +4).
You are partially covered in large bone plates (AC +2, SH +2).
You are agile. (Dex +2)
You can breathe flames.
Your spells are a little harder to cast, but a little more powerful.
You rapidly evolve.


Message History

You hit Nikola. You freeze Nikola. You headbutt Nikola.
Nikola is moderately wounded.
You hit Nikola. You freeze Nikola. Your headbutt misses Nikola.
Nikola is moderately wounded.
Nikola hits you with a rapier of electrocution!
You are electrocuted!
You barely miss Nikola.
Nikola is moderately wounded.
You hit Nikola. You freeze Nikola. You headbutt Nikola.
Nikola is moderately wounded.
Nikola completely misses you.
You puncture Nikola! You freeze Nikola.
Nikola is moderately wounded.
You hit Nikola. You freeze Nikola. You headbutt Nikola, but do no damage.
Nikola is moderately wounded.
Nikola gestures wildly while chanting.
You hear a mighty clap of thunder!
The lightning arc hits you!
The lightning arc hits Nikola.
The lightning arc hits you!
You die...

* * *, ,≈** * ♣♣♣♣ ≈ ≈ *
♣**♣♣♣♣♣♣ ♣≈≈♣♣ ≈≈≈≈≈ ,
,≈§♣♣≈..≈♣ ♣≈≈≈♣ ≈ ≈,, ,
...≈.≈..♣♣ ♣≈≈♣* ,≈ ,
≈,≈≈≈...≈≈.♣♣♣♣ ♣♣.♣♣♣♣♣♣♣ * *≈
≈≈≈)..@@..>≈♣♣♣≈.≈≈...♣≈ **
,,.≈≈.≈..≈♣....♣♣≈...≈≈..≈ * ≈
,....§≈≈.♣♣≈...≈.≈≈.≈≈≈.. **♣....
###..≈≈≈.≈...≈≈..≈≈≈...≈≈ *♣...
#..##?.≈≈.≈.≈≈≈≈.≈≈≈≈..≈≈≈ ≈≈♣...
....##.≈≈≈..≈≈≈≈≈≈≈≈§..≈≈≈
≈*♣..#,........≈≈...≈≈≈≈....♣≈≈≈≈
♣♣..# ........≈≈..§.≈≈≈..≈≈...♣♣
♣♣...#..≈..≈≈≈....≈≈≈♣≈...≈....♣


You could see Nikola.

Vanquished Creatures
  Saint Roka (Orc:4)
  Rupert (D:14)
  Gastronok (D:8)
  A storm dragon (D:12)
  Maud (Lair:7)
  A frost giant (D:15)
  An orc warlord (Orc:3)
  A stone giant (Orc:4)
  Snorg (Lair:5)
  A yaktaur captain (D:13)
  A minotaur (Lab)
  Josephine (D:11)
  Erolcha (Orc:2)
  Harold (Lair:1)
  2 ice dragons (D:15)
  11 hydras
  A ghost crab (shapeshifter) (D:14)
  Erica (D:11)
  2 alligators (Swamp:1)
  2 centaur warriors
  5 catoblepae
  17 death yaks
  An ogre mage (Orc:4)
  A tengu warrior (D:15)
  6 orc high priests (Orc:4)
  A deep elf knight (Bailey)
  A skeletal warrior (D:15)
  3 swamp dragons (Swamp:1)
  7 hill giants
  2 wizards
  A lindwurm (Lair:7)
  A necromancer (D:15)
  4 unseen horrors
  8 orc sorcerers
  A manticore (D:11)
  An oklob plant (Lair:7)
  3 orc knights
  11 ugly things
  3 elephants
  3 cyclopes
  9 black mambas
  4 centaur zombies
  Maurice (Orc:2)
  A griffon (D:11)
  15 spiny frogs
  Psyche (D:9)
  A torpor snail (Lair:7)
  2 gargoyles
  A kobold demonologist (D:14)
  2 yaktaurs (D:13)
  A redback zombie (D:11)
  3 fire drakes
  A queen bee (Lair:3)
  13 komodo dragons
  A fire drake (shapeshifter) (D:13)
  7 trolls
  3 deep elf priests (Bailey)
  2 giant leeches
  A freezing wraith (D:15)
  2 tengu conjurers (D:15)
  18 blink frogs
  A polar bear (Lair:2)
  A troll (shapeshifter) (D:12)
  2 two-headed ogres
  A slime creature (D:12)
  A hornet zombie (D:15)
  A bog body (Swamp:1)
  A trapdoor spider zombie (D:11)
  2 vampires
  51 yaks
  4 trapdoor spiders
  A human (D:7)
  A shadow (D:14)
  A redback (D:12)
  A wyvern (D:8)
  A wyvern (shapeshifter) (D:13)
  4 wraiths
  6 hungry ghosts
  3 deep elf magi
  A steam dragon (D:11)
  5 deep elf fighters
  6 wolves
  5 wargs
  3 basilisks
  3 mottled dragons
  3 nagas (Lair:4)
  6 vampire mosquitoes
  17 hippogriffs
  A soldier ant (D:14)
  3 swamp worms
  3 phantoms (D:12)
  9 porcupines
  4 ice beasts
  7 water moccasins
  A swamp drake (Swamp:1)
  54 orc warriors
  A black bear (D:10)
  3 sky beasts
  A wasp (Swamp:1)
  3 centaurs
  25 ogres
  16 crocodiles
  A big kobold (D:7)
  A brain worm (D:15)
  14 giant frogs
  A wyvern zombie (D:6)
  A wyvern skeleton (D:13)
  4 scorpions
  25 killer bees
  3 wights
  3 lava snakes (Lair:4)
  4 hounds
  3 crimson imps
  A giant frog zombie (D:7)
  15 two-headed ogre zombies (Orc:3)
  5 jellies
  6 centaur skeletons
  30 orc wizards
  40 orc priests
  15 iguanas
  A quasit (D:9)
  17 sheep
  6 worker ants
  A hound zombie (D:11)
  A worker ant zombie (D:10)
  11 adders
  61 river rats
  5 shadow imps
  2 oozes
  A worm (D:4)
  An adder skeleton (D:8)
  8 giant geckos
  283 orcs
  5 giant cockroaches
  9 goblins
  9 hobgoblins
  13 jackals
  8 kobolds
  7 quokkas
  2 ball pythons
  17 bats
  5 giant newts
  A jackal skeleton (D:6)
  18 rats
  A bush (Lair:7)
1130 creatures vanquished.

Vanquished Creatures (collateral kills)
  A sheep (Lair:3)
1 creature vanquished.

Vanquished Creatures (others)
  A human (D:6)
  An orc wizard (D:12)
  19 fungi
  7 plants
  5 toadstools (D:1)
33 creatures vanquished.

Grand Total: 1164 creatures vanquished

Notes
Turn   | Place    | Note
--------------------------------------------------------------
     0 | D:1      | Banto the Kobold Assassin began the quest for the Orb.
     0 | D:1      | Reached XP level 1. HP: 12/12 MP: 1/1
   133 | D:1      | Reached XP level 2. HP: 17/17 MP: 2/2
   482 | D:1      | Reached XP level 3. HP: 19/21 MP: 3/3
   501 | D:1      | Reached skill level 6 in Stealth
   938 | D:2      | Found a shimmering altar of Xom.
   938 | D:2      | Found a shattered altar of Ashenzari.
   983 | D:2      | Became a worshipper of Ashenzari the Shackled
  1058 | D:2      | Found a blossoming altar of Fedhas.
  1112 | D:2      | Found a radiant altar of Vehumet.
  1644 | D:2      | Reached XP level 4. HP: 14/26 MP: 4/4
  1891 | D:3      | Found a glowing silver altar of Zin.
  2658 | D:4      | Found a glowing golden altar of the Shining One.
  2718 | D:4      | Reached XP level 5. HP: 25/30 MP: 5/5
  2722 | D:4      | Reached skill level 7 in Stealth
  2981 | D:4      | Reached skill level 5 in Short Blades
  3353 | D:4      | Reached XP level 6. HP: 18/35 MP: 6/6
  3593 | D:4      | Reached skill level 8 in Stealth
  3753 | D:4      | Found a staircase to the Ecumenical Temple.
  3759 | Temple   | Entered the Ecumenical Temple
  3769 | D:5      | Entered Level 5 of the Dungeon
  4047 | D:5      | Noticed an ice beast
  4715 | D:5      | Reached XP level 7. HP: 40/40 MP: 7/7
  4955 | D:5      | Killed an ice beast
  4955 | D:5      | Reached skill level 9 in Stealth
  5450 | D:6      | Found an ancient bone altar of Kikubaaqudgha.
  5451 | D:6      | Noticed a human
  5453 | D:6      | Killed a human
  5483 | D:6      | Reached XP level 8. HP: 28/44 MP: 8/8
  5613 | D:6      | Reached skill level 10 in Stealth
  5838 | D:6      | Acquired Ashenzari's first power
  6064 | D:6      | Found an ancient bone altar of Kikubaaqudgha.
  6073 | D:6      | Found an opulent altar of Gozag.
  6503 | D:7      | Reached skill level 11 in Stealth
  6793 | D:7      | Reached skill level 10 in Short Blades
  6793 | D:7      | Reached XP level 9. HP: 40/48 MP: 9/9
  6892 | D:7      | Reached skill level 12 in Stealth
  8073 | D:8      | Reached skill level 13 in Stealth
  8078 | D:8      | Gained mutation: You are agile. (Dex +2) [mutagenic meat]
  8079 | D:8      | Gained mutation: You evolve. [mutagenic meat]
  8080 | D:8      | Gained mutation: You are very agile. (Dex +4) [mutagenic meat]
  8081 | D:8      | Gained mutation: You have a pair of small horns on your head. [mutagenic meat]
  8082 | D:8      | Gained mutation: You can breathe flames. [mutagenic meat]
  8198 | D:8      | Noticed Gastronok
  8428 | D:8      | HP: 1/52 [Gastronok/the air (32)]
  8481 | D:8      | Killed Gastronok
  8481 | D:8      | Reached XP level 10. HP: 10/61 MP: 10/10
  8635 | D:8      | Gained mutation: Your spells are a little harder to cast, but a little more powerful. [evolution]
  9426 | D:9      | Found Wiev's Antique Weapon Shop.
  9448 | D:9      | Acquired Ashenzari's second power
  9777 | D:9      | Got the uncursed pair of boots of the Earth {rElec rPois}
  9783 | D:9      | Identified the +1 pair of boots of the Earth {rElec rPois} (You found it on level 9 of the Dungeon)
  9857 | D:9      | Reached XP level 11. HP: 68/68 MP: 11/11
  9920 | D:9      | Found a staircase to the Lair.
 10025 | D:9      | Noticed Psyche
 10028 | D:9      | Killed Psyche
 10237 | D:10     | Entered Level 10 of the Dungeon
 10247 | D:10     | Noticed a hill giant
 10253 | D:10     | Killed a hill giant
 10289 | D:10     | Found a flagged portal.
 10296 | Bailey   | Entered a bailey
 10484 | Bailey   | Gained mutation: You are partially covered in large bone plates (AC +2, SH +2). [evolution]
 10508 | Bailey   | Reached skill level 10 in Fighting
 10680 | Bailey   | Noticed a deep elf knight
 10716 | Bailey   | Killed a deep elf knight
 10716 | Bailey   | Reached skill level 14 in Stealth
 10941 | Bailey   | Identified Fesm's Collected Works on Torrid Self-Knowledge
 11047 | D:10     | Noticed a manticore
 11110 | D:10     | Reached skill level 1 in Shields
 11424 | D:10     | Identified the cursed -1 pair of boots of the Sun {*Drain Dex+6}
 11852 | Lair:1   | Entered Level 1 of the Lair of Beasts
 11928 | Lair:1   | Noticed a six-headed hydra
 12004 | Lair:2   | Found a labyrinth entrance.
 12012 | Lab      | Entered a labyrinth
 12178 | Lab      | Reached XP level 12. HP: 77/77 MP: 12/12
 12478 | Lab      | Noticed a minotaur
 12514 | Lab      | Killed a minotaur
 12564 | Lab      | Identified a +0 rod of destruction (4/13) (You took it off a minotaur in a labyrinth)
 12565 | Lab      | Identified a -2 rod of destruction (10/10) (You found it in a labyrinth)
 12571 | Lab      | Identified Borgnjor's Handbook of Black Arts (You found it in a labyrinth)
 13049 | Lair:1   | Acquired Ashenzari's third power
 13049 | Lair:1   | Noticed Harold
 14105 | Lair:1   | Killed a six-headed hydra
 14321 | Lair:1   | Acquired Ashenzari's fourth power
 14337 | Lair:1   | Reached skill level 15 in Stealth
 14546 | Lair:1   | Found a blossoming altar of Fedhas.
 14625 | Lair:1   | Noticed an oklob plant
 14953 | Lair:1   | Killed Harold
 14953 | Lair:1   | Reached skill level 16 in Stealth
 15093 | Lair:3   | Learned a level 1 spell: Summon Butterflies
 15100 | Lair:3   | Learned a level 6 spell: Invisibility
 15103 | Lair:3   | Learned a level 2 spell: Blink
 15254 | Lair:3   | Reached XP level 13. HP: 72/82 MP: 13/13
 15562 | Lair:3   | Reached skill level 17 in Stealth
 16211 | Lair:4   | Reached skill level 1 in Hexes
 16412 | Lair:4   | Found a staircase to the Swamp.
 16515 | Lair:4   | Lost mutation: You are very agile. (Dex +4) [evolution]
 16578 | Lair:4   | Found a staircase to the Snake Pit.
 16939 | Lair:4   | Reached skill level 5 in Hexes
 17322 | Lair:5   | Acquired Ashenzari's fifth power
 17342 | Lair:5   | Learned a level 3 spell: Confuse
 17426 | Lair:5   | Noticed Snorg
 17443 | Lair:5   | Killed Snorg
 19367 | Lair:6   | Reached XP level 14. HP: 74/88 MP: 10/14
 19531 | Lair:6   | Reached skill level 10 in Hexes
 19552 | Lair:6   | Found a staircase to the Slime Pits.
 21041 | Lair:7   | Noticed Maud
 21643 | Lair:7   | Killed Maud
 22178 | Lair:7   | Gained mutation: You are partially covered in iridescent scales (AC +4). [evolution]
 22712 | Lair:8   | Entered Level 8 of the Lair of Beasts
 23093 | Lair:8   | Reached XP level 15. HP: 92/92 MP: 15/15
 23530 | Lair:8   | Identified a cursed +1 pair of boots of running
 23620 | Lair:8   | Reached skill level 15 in Hexes
 24189 | D:11     | Noticed Erica
 24193 | D:11     | Killed Erica
 24461 | D:11     | Reached skill level 15 in Short Blades
 24803 | D:11     | Reached skill level 18 in Stealth
 24849 | D:11     | Noticed Josephine
 24855 | D:11     | Killed Josephine
 25163 | D:12     | Found a staircase to the Orcish Mines.
 25661 | D:12     | Learned a level 2 spell: Repel Missiles
 25777 | D:12     | Gained mutation: You rapidly evolve. [potion of beneficial mutation]
 25998 | D:12     | Noticed a storm dragon
 26002 | D:12     | Killed a storm dragon
 26403 | D:12     | Reached skill level 10 in Dodging
 26572 | D:13     | Reached XP level 16. HP: 97/97 MP: 16/16
 26646 | D:13     | Found a gate to the Vaults.
 26665 | D:13     | Got the rapier of Tenoum {freeze, MR+}
 26666 | D:13     | Identified the +4 rapier of Tenoum {freeze, MR+} (You found it on level 13 of the Dungeon)
 26672 | D:13     | Gained mutation: Armour fits poorly on your strangely shaped body. [mutagenic glow]
 26863 | D:13     | Reached skill level 19 in Stealth
 27003 | D:13     | Found a stormy altar of Qazlal.
 27474 | D:14     | Noticed Rupert
 27484 | D:14     | Killed Rupert
 27967 | D:15     | Entered Level 15 of the Dungeon
 28030 | D:15     | Found a staircase to the Depths.
 28154 | D:15     | Identified the +4 ring mail of the Shining Light {MR- Int+2 SInv}
 28266 | D:15     | Reached skill level 20 in Stealth
 28479 | D:15     | Found an iron altar of Okawaru.
 28872 | Orc:1    | Entered Level 1 of the Orcish Mines
 29201 | Orc:2    | Found a bloodstained altar of Trog.
 29638 | Orc:2    | Noticed Maurice
 29639 | Orc:2    | Killed Maurice
 29644 | Orc:2    | Found Qusmepte's Armour Emporium.
 29649 | Orc:2    | Noticed Erolcha
 29660 | Orc:2    | Killed Erolcha
 29796 | Orc:3    | Found a staircase to the Elven Halls.
 30325 | Orc:3    | Found a bloodstained altar of Trog.
 30532 | Orc:3    | Identified the +5 scythe "Koekkaf" {slice, Stlth+}
 30742 | Orc:3    | Found a roughly hewn altar of Beogh.
 31060 | Orc:4    | Entered Level 4 of the Orcish Mines
 31375 | Orc:4    | Reached XP level 17. HP: 102/102 MP: 10/17
 31584 | Orc:4    | Found Apuiss's Jewellery Emporium.
 31596 | Orc:4    | Found Siuduerph's Food Shoppe.
 31635 | Orc:4    | Found a roughly hewn altar of Beogh.
 31833 | Orc:4    | Bought a cursed amulet of inaccuracy for 26 gold pieces
 32339 | Orc:4    | Lost mutation: Armour fits poorly on your strangely shaped body. [evolution]
 32528 | Orc:4    | Reached skill level 21 in Stealth
 32679 | Orc:4    | Noticed Saint Roka
 32680 | Orc:4    | Found a roughly hewn altar of Beogh.
 33167 | Orc:4    | Killed Saint Roka
 33194 | Orc:4    | Found Iluekug's Food Shoppe.
 33325 | Orc:4    | Found Figeleben's Magic Scroll Emporium.
 33358 | Orc:4    | Bought a scroll of enchant armour for 120 gold pieces
 33358 | Orc:4    | Bought a scroll of identify for 32 gold pieces
 33672 | Lair:1   | Identified the +9 halberd "Aluu" {flame, rElec rN+ MR+ Dex+3}
 33756 | Swamp:1  | Entered Level 1 of the Swamp
 34021 | Swamp:1  | Identified the +8 morningstar of the Lonely Nights {venom, rC+ rN+ MR- Int+3 Stlth+}
 34021 | Swamp:1  | Identified the +7 mace of Balance {antimagic, *Rage rC+ Int+7} (You found it on level 7 of the Lair of Beasts)
 34432 | Swamp:1  | Noticed Nikola
 34449 | Swamp:1  | Killed from afar by Nikola

Vault maps used:
D:1:      ldierk_walled_garden, minmay_box_of_dots
D:2:      lemuel_crystal_altar, gammafunk_temple_overflow_elements,
          nicolae_overflow_crystal_walls, kennysheep_big_empty_room,
          minmay_misc_feat_pillars
D:3:      old_standard_altar
D:4:      lemuel_coloured_pillars_altar, minmay_temple_entry_enclosed_plants,
          first_bread
D:5:      dk_vineyard_1
D:6:      amethyst_overflow_temple_binary, tgw_kikubaaqudgha
D:7:      grunt_livestock
D:8:      uniq_gastronok
D:9:      grunt_lair_entry_elf_guard_hut, serial_shops, shop, uniq_psyche
D:10:     enter_bailey_2
D:11:     minivault_28, uniq_erica, uniq_josephine
D:12:     evilmike_horseshoe, hiddenorc2_lemuel
D:13:     david_vaults_2, nicolae_qazlal_eye_of_the_storm
D:14:     hangedman_abyss_or_decor_clamps, uniq_rupert
D:15:     grunt_enter_depths_hoard, serial_bayou_shore_b, st_stairs_11,
          okawaru_ov_weapons_minmay
Temple:   triangle_lava_temple_11
Lair:1:   tgw_fedhas, bh_autumn_forest_stairs, lemuel_fruit_fields,
          serial_bayou_shore_b, uniq_harold
Lair:2:   lab_entry_generic
Lair:3:   special_room, minivault_25, lemuel_fruit_tree
Lair:4:   cheibrodos_magma_flow, minmay_swamp_entry_worms,
          guppyfry_snake_entry_island
Lair:5:   uniq_snorg
Lair:6:   nicolae_slime_entry_slimehenge, grunt_megastairs_2
Lair:7:   minmay_lair_oklob_bushes, uniq_maud
Lair:8:   evilmike_catoblepas_cave, grunt_forest_small_clearing_treed,
          lemuel_fruit_fields
Swamp:1:  serial_swamp_ruin, evilmike_swamp_ruin_house_4,
          evilmike_swamp_ruin_rubble_1, evilmike_swamp_ruin_house_3,
          infiniplex_staircase_pool_2, uniq_nikola
Orc:2:    serial_shops, nicolae_shop_waterfront, basic_altar, uniq_maurice,
          uniq_erolcha
Orc:3:    lemuel_ogre_cave, basic_altar, nicolae_orc_pool_cavern,
          trog_hazing_becter
Orc:4:    pubby_orc_utopia, serial_shops
Lab:      labyrinth_watery, nicolae_lab_flowing_pool, nicolae_lab_do_over,
          nicolae_lab_very_dead_end
Bailey:   bailey_polearm_3, bailey

Action                   |  1- 3 |  4- 6 |  7- 9 | 10-12 | 13-15 | 16-18 || total
-------------------------+-------+-------+-------+-------+-------+-------++-------
Melee: Dagger            |   106 |   182 |   264 |   748 |   367 |       ||  1667
       Rapier            |       |       |    88 |    26 |       |  1007 ||  1121
       Short sword       |       |       |       |   111 |   863 |    10 ||   984
 Fire: Blowgun           |     3 |    35 |    25 |    54 |     8 |       ||   125
       Hand crossbow     |       |       |     4 |     3 |       |       ||     7
 Cast: Confuse           |       |       |       |       |    52 |    16 ||    68
       Invisibility      |       |       |       |       |    14 |    24 ||    38
       Blink             |       |       |       |       |     1 |       ||     1
Evoke: Wand              |       |       |       |    10 |     3 |       ||    13
       Phial of floods   |       |       |       |       |     1 |       ||     1
  Use: Scroll            |     6 |     8 |    10 |    16 |     8 |     6 ||    54
       Potion            |       |       |       |     4 |     1 |     2 ||     7
 Stab: Sleeping          |     9 |     6 |    19 |    43 |   127 |   153 ||   357
       Distracted        |       |       |     1 |     6 |     7 |    15 ||    29
       Confused          |       |       |       |       |    25 |     9 ||    34
       Invisible         |       |       |       |       |    53 |    90 ||   143
  Eat: Chunk             |    10 |     9 |    26 |    30 |    52 |    40 ||   167
       Pizza             |       |       |       |     1 |       |       ||     1
